 Dungeon Crawl Stone Soup version 0.24.0-37-gcf1ca852f1 (webtiles) character file.

Game seed: 1976181470977922955, levelgen mode: deterministic

21 PentaManta the Shield-Bearer (level 3, 0/29 HPs)
             Began as a Formicid Fighter on Dec 5, 2019.
             Slain by a giant cockroach (1 damage)
             ... on level 2 of the Dungeon.
             The game lasted 00:02:16 (971 turns).

PentaManta the Shield-Bearer (Formicid Fighter)      Turns: 971, Time: 00:02:17

Health: 0/29       AC:  0    Str: 20    XL:     3   Next: 5%
Magic:  3/3        EV: 11    Int:  7    God:
Gold:   20         SH:  0    Dex: 11    Spells: 2/2 levels left

rFire    . . .     SeeInvis +   q - +0 dagger
rCold    . . .     Gourm    .   (no shield)
rNeg     . . .     Faith    .   (no armour)
rPois    .         Spirit   .   (helmet unavailable)
rElec    .         Reflect  .   (no cloak)
rCorr    .         Harm     .   (no gloves)
MR       .....                  (no boots)
Stlth    +.........             (no amulet)
HPRegen  0.09/turn              (no ring)
MPRegen  0.08/turn              (no ring)

@: no status effects
A: permanent stasis, dig shafts and tunnels, four strong arms, antennae 3
a: Dig, Shaft Self


You were on level 2 of the Dungeon.
You were not hungry.

You visited 1 branch of the dungeon, and saw 2 of its levels.

You collected 20 gold pieces.

Inventory:

Hand Weapons
 a - a +0 long sword
 q - a +0 dagger (weapon)
Armour
 b - a +0 scale mail
 c - a +0 shield
 o - a +2 leather armour of fire resistance
Jewellery
 k - a +1 ring of evasion {unknown}
 s - an uncursed ring of protection from magic {unknown}
Scrolls
 g - a scroll of enchant weapon {unknown}
 h - a scroll of noise {unknown}
 i - a scroll of blinking {unknown}
 m - a scroll of remove curse {unknown}
 p - a scroll of amnesia {unknown}
Potions
 d - a potion of might
 e - a potion of haste {unknown}
 j - a potion of berserk rage {unknown}
 l - a potion of magic {unknown}
 n - a potion of heal wounds {unknown}
 r - a potion of invisibility {unknown}
Comestibles
 f - a ration


   Skills:
 - Level 3.2 Fighting
 + Level 3.3 Long Blades
 - Level 3.2 Armour
 - Level 3.6 Shields


You had 2 spell levels left.
You didn't know any spells.
Your spell library was empty.

Dungeon Overview and Level Annotations

Branches:
Dungeon (2/15)

Altars:


Innate Abilities, Weirdness & Mutations

You cannot be hasted, slowed, berserked, paralysed or teleported.
You can dig through walls and to a lower floor.
Your four strong arms can wield two-handed weapons with a shield.
You have a pair of large antennae on your head. (SInv)


Message History

The giant cockroach closely misses you. The giant cockroach barely misses you.
The giant cockroach barely misses you. The giant cockroach closely misses you.
The giant cockroach closely misses you. The giant cockroach barely misses you.
The giant cockroach closely misses you. The giant cockroach barely misses you.
The giant cockroach barely misses you. The giant cockroach closely misses you.
The giant cockroach closely misses you. The giant cockroach bites you.
* * * LOW HITPOINT WARNING * * *
The giant cockroach barely misses you. The giant cockroach barely misses you.
The giant cockroach bites you.
* * * LOW HITPOINT WARNING * * *
The giant cockroach bites you.
* * * LOW HITPOINT WARNING * * *
The giant cockroach bites you.
You die...

# #. .. #.. .#
##..# .#
#....### .#
#...?# .# #
#.###.###
##.##.....#..
#..s@....##.#
#.....##.##.<#.#
# ...##
#.###.#.# ####.#
. #.#
#...####.....
... ##........#
... ##..#.#..#
.........##.##.#
...###.##....##
. #.#####..#


You could see a giant cockroach.

Vanquished Creatures
  A worm (D:2)
  A giant cockroach (D:1)
  2 goblins (D:1)
  3 hobgoblins
  4 kobolds (D:1)
  A ball python (D:1)
  2 bats (D:1)
  2 frilled lizards (D:1)
  3 rats (D:1)
19 creatures vanquished.

Notes
Turn   | Place    | Note
-------+----------+-------------------------------------------
     0 | D:1      | PentaManta the Formicid Fighter began the quest for the
                  | Orb.
     0 | D:1      | Reached XP level 1. HP: 18/18 MP: 1/1
   110 | D:1      | Reached XP level 2. HP: 21/24 MP: 2/2
   659 | D:2      | Reached XP level 3. HP: 6/29 MP: 3/3
   970 | D:2      | HP: 1/29 [giant cockroach (1)]
   971 | D:2      | Slain by a giant cockroach

Levels and vault maps discovered:
D:1:      nicolae_arrival_memento_mori, layout_loops_ring
D:2:      layout_rooms, serial_park_tiny_2, serial_park_tiny_1,
          minmay_misc_feat_ornament

Skill      XL: |  1  2 |
---------------+-------+-----
Long Blades    | 3 |  3.3
Fighting       | |  3.2
Armour         | |  3.2
Shields        | |  3.6

Action                   || total
-------------------------++-------
Melee: Long sword        ||    55
       Dagger            ||    26
Armor: Scale mail        ||    24
       Leather armour    ||     8
Dodge: Dodged            ||    49
Block: Shield            ||    45
       Rpst.: Long sword ||     3
